 Dungeon Crawl Stone Soup version 0.32-a0-699-g1ee5eff69a (webtiles) character file.

Game seed: 7104002724523924844

119784 MagicSucks the Severer (level 16, -11/138 HPs)
             Began as a Coglin Berserker on Mar 13, 2024.
             Was a High Priest of Trog.
             Mangled by a +5 antimagic trident (16 damage)
             ... on level 1 of the Elven Halls.
             The game lasted 00:28:31 (27795 turns).

MagicSucks the Severer (Coglin Berserker)          Turns: 27795, Time: 00:28:31

Health: -11/138    AC: 15    Str: 24    XL:     16   Next: 80%
Magic:  0/16       EV: 14    Int:  7    God:    Trog [*****.]
Gold:   958        SH:  0    Dex: 15    Spells: 15/15 levels left

rFire   + . .        B - +9 broad axe of Fedhas's Condemnation {holy, ^Fragile rPois rF+ Will+}
rCold   . . .        e - +3 broad axe (heavy) {Ashmeen}
rNeg    . . .        H - +1 scale mail {rPois}
rPois   +            q - +0 helmet
rElec   .            t - +0 cloak
rCorr   +            J - +0 pair of gloves of the Black Moon {-Cast Will+ Stlth+}
SInv    .            (no boots)
Will    +++..        (amulet unavailable)
Stlth   +            (ring unavailable)
HPRegen 0.43/turn    (ring unavailable)
MPRegen 0.15/turn    y - experimental assembler {rPois rCorr Slay+3 Clar RMsl}

%: no spellcasting, repel missiles, clarity
@: on berserk cooldown, slowed, studying 2 skills, revving, very slow
A: off-hand wielding, slow wielding, warmup strikes, no jewellery
a: Renounce Religion, Berserk, Trog's Hand, Brothers in Arms


You were on level 1 of the Elven Halls.
You worshipped Trog.
Trog was extremely pleased with you.
You visited 4 branches of the dungeon, and saw 23 of its levels.

You collected 1690 gold pieces.
You spent 732 gold pieces at shops.

Inventory:

Hand Weapons
 e - a +3 heavy broad axe (offhand) {Ashmeen}
 l - a +6 dagger of flaming {Sanele}
 x - a +4 short sword of protection {Arun}
 B - the +9 broad axe of Fedhas's Condemnation (weapon) {holy, ^Fragile rPois rF+ Will+}
   (You bought it in a shop on level 1 of the Dungeon)

   rF+:       It protects you from fire.
   rPois:     It protects you from poison.
   Will+:     It increases your willpower.
   ^Fragile:  It will be destroyed if unequipped.
Armour
 q - a +0 helmet (worn)
 t - a +0 cloak (worn)
 H - a +1 scale mail of poison resistance (worn)
 J - the +0 pair of gloves of the Black Moon (worn) {-Cast Will+ Stlth+}
   (You bought it in a shop on level 2 of the Orcish Mines)

   Will+:     It increases your willpower.
   -Cast:     It prevents spellcasting.
   Stlth+:    It makes you more stealthy.
Gizmo
 y - an experimental assembler (installed) {rPois rCorr Slay+3 Clar RMsl}
   (You invented it yourself on level 5 of the Lair of Beasts)

   [experimental assembler]

   Slay+3:    It affects your accuracy & damage with ranged weapons and melee
   (+3).
   rPois:     It protects you from poison.
   Clar:      It protects you from confusion, rage, mesmerisation and fear.
   RMsl:      It protects you from missiles.
   rCorr:     It protects you from acid and corrosion.
Wands
 c - a wand of polymorph (10)
 n - a wand of flame (10)
 w - a wand of charming (22)
 D - a wand of quicksilver (27)
 E - a wand of digging (7)
 I - a wand of mindburst (25)
Scrolls
 a - 4 scrolls of teleportation
 b - 2 scrolls of brand weapon {unknown}
 g - 2 scrolls of enchant armour {unknown}
 h - 4 scrolls of fog
 i - 4 scrolls of immolation {unknown}
 k - 3 scrolls of poison
 m - a scroll of blinking
 o - 2 scrolls of revelation {unknown}
 p - 3 scrolls of amnesia
 C - a scroll of torment {unknown}
 K - a scroll of silence {unknown}
 M - 3 scrolls of noise {unknown}
 N - a scroll of fear
 S - 2 scrolls of vulnerability
Potions
 d - 3 potions of haste
 j - 6 potions of curing
 r - a potion of magic {unknown}
 s - 6 potions of enlightenment
 v - 3 potions of degeneration {unknown}
 z - 4 potions of invisibility {unknown}
 A - a potion of berserk rage
 F - 4 potions of ambrosia
 G - 5 potions of mutation
 L - 2 potions of might {unknown}
 O - 4 potions of brilliance {unknown}
 P - 2 potions of lignification {unknown}


   Skills:
 + Level 16.2 Fighting
 - Level 18.4 Axes
 - Level 14.1 Armour
 + Level 10.3 Dodging
 + Level 5.8 Evocations


You had 15 spell levels left.
You didn't know any spells.
Your spell library was empty.

Dungeon Overview and Level Annotations

Branches:
Dungeon (15/15)            Temple (0/1) D:5            Lair (5/5) D:9
  Swamp (0/4) Lair:2       Spider (0/4) Lair:3        Slime (0/5) Lair:5
    Orc (2/2) D:11            Elf (1/3) Orc:2        Vaults (0/5) D:13
 Depths (0/4) D:15

Altars:
Ashenzari
Cheibriados
Dithmenos
Gozag
Hepliaklqana
Kikubaaqudgha
Ru
Sif Muna
Trog
Uskayaw
Vehumet
Wu Jian
Xom
Yredelemnul
Zin
The Shining One
Jiyva

Shops:
D:1 *   D:10 [   Orc:2 !![:


Innate Abilities, Weirdness & Mutations

You can wield a second weapon in your off-hand.
It takes a long time for you to wield or remove held weapons.
Your first few attacks do less damage.
You cannot equip rings or amulets.


Message History

Trog accepts your kill.
Trog appreciates your killing of a magic user.
The +5 antimagic trident hits you from afar.
* * * LOW HITPOINT WARNING * * *
You feel your power leaking away.
The deep elf pyromancer gestures at you while chanting.
The bolt of fire is repelled.
The +5 antimagic trident hits you from afar.
* * * LOW HITPOINT WARNING * * *
Unknown command.
The +5 antimagic trident hits you from afar.
* * * LOW HITPOINT WARNING * * *
The deep elf pyromancer hits you but does no damage.
The +5 antimagic trident hits you but does no damage.
The deep elf pyromancer barely misses you.
The +5 antimagic trident hits you from afar!!
* * * LOW HITPOINT WARNING * * *
You feel your power leaking away.
Things that are here:
a +0 short sword; a +0 ring mail; an elf corpse Blink to where?
Press: ? - help, Dir - move target
As you read the scroll of blinking, it crumbles to dust.
You feel much better.
The +5 antimagic trident hits you from afar!!
* * * LOW HITPOINT WARNING * * *
You feel your power leaking away.
The +5 antimagic trident hits you but does no damage.
Okay, then.
Okay, then.
Okay, then.
Okay, then.
Aiming: Quicksilver Bolt
Press: ? - help, Shift-Dir - straight line, f - deep elf pyromancer
Aim: a deep elf pyromancer, wielding a +0 rapier and wearing a +0 leather armour (64% to hit)
The bolt of dispelling energy misses the +5 antimagic trident.
The bolt of dispelling energy hits the deep elf pyromancer!!
The deep elf pyromancer is heavily wounded.
The +5 antimagic trident hits you from afar!
You die...

## . .## ..# #.#
#.# #.# #@#
.#..... .....#.#
......ß#ß....(.#
......###......#
......ß#ß..e...#
#...........###
#...._....#
#.........#
#...))).#


You could see a deep elf pyromancer and a +5 antimagic trident.

Vanquished Creatures
  The ghost of Shym the Bludgeoner, a journeyman OnAl of Hepliaklqana (Lair:2)
  A very ugly thing (D:15)
  An eleionoma (Lair:2)
  A dire elephant (D:15)
  Snorg (D:11)
  An ettin (Orc:1)
  A vault guard (D:13)
  A great orb of eyes (D:15)
  8 hydras
  A merfolk avatar (Lair:5)
  An ogre mage (D:15)
  2 catoblepae
  A death knight (D:14)
  9 centaur warriors
  A dancing weapon (D:13)
  6 boulder beetles
  5 two-headed ogres
  8 death yaks
  4 orc high priests (Orc:2)
  3 tengu warriors
  Nergalle (D:10)
  2 deep elf knights (Elf:1)
  Amaemon (D:8)
  4 skysharks
  3 skeletal warriors (D:14)
  3 sea snakes (Lair:5)
  3 deep elf archers (Elf:1)
  6 deep elf zephyrmancers (Elf:1)
  3 phantasmal warriors (D:14)
  19 ugly things
  5 deep elf pyromancers (Elf:1)
  4 orc knights (Orc:2)
  3 harpies (Lair:5)
  4 orc sorcerers (Orc:2)
  2 wolf spiders
  6 cyclopes
  10 elephants
  A salamander (D:15)
  A manticore (D:13)
  10 meliai
  6 kobold blastminers (Orc:2)
  An orange demon (D:8)
  A gargoyle (D:14)
  17 cane toads
  2 black mambas
  2 torpor snails
  Maggie (D:8)
  A yaktaur (D:15)
  2 freezing wraiths
  4 rime drakes
  An unseen horror (D:12)
  19 komodo dragons
  Psyche (D:8)
  A troll (shapeshifter) (D:14)
  A queen bee (Lair:2)
  Prince Ribbit (D:5)
  4 hornets
  5 trolls
  Grinder (D:3)
  3 polar bears
  A dream sheep (Lair:4)
  28 blink frogs
  A vampire (D:13)
  An air elemental (Elf:1)
  A centaur simulacrum (D:15)
  15 slime creatures
  A yak (shapeshifter) (D:8)
  A shadow (D:12)
  37 yaks
  5 basilisks
  4 wraiths
  3 vampire mosquitoes (D:15)
  4 wyverns
  2 wargs
  Eustachio (D:5)
  3 steam dragons
  A redback (Lair:3)
  3 acid dragons
  16 water moccasins
  6 black bears
  16 orc warriors
  4 ogres
  A boggart (D:15)
  A laughing skull (D:15)
  6 centaurs
  16 wolves
  3 kobold brigands
  16 bullfrogs
  A scorpion (D:6)
  14 wights
  A burial acolyte (D:7)
  6 killer bees
  2 howler monkeys
  2 electric eels (Lair:1)
  4 bombardier beetles
  3 hounds
  8 jellies
  15 orc priests
  A gnoll bouda (D:8)
  Jessica (D:2)
  Ijyb (D:3)
  Terence (D:3)
  3 iguanas
  28 orc wizards
  A howler monkey zombie (D:7)
  A gnoll (shapeshifter) (D:15)
  13 gnolls
  8 adders
  A white imp (D:5)
  2 ufetubi (D:5)
  2 ribbon worms
  62 orcs
  10 endoplasms
  6 giant cockroaches
  8 goblins
  10 hobgoblins
  2 jackals
  2 quokkas
  7 ball pythons
  4 bats
  2 frilled lizards (D:1)
  26 kobolds
  7 rats
684 creatures vanquished.

Vanquished Creatures (collateral kills)
  A black mamba (Lair:5)
  A rime drake (Lair:5)
2 creatures vanquished.

Vanquished Creatures (others)
  A human (D:7)
1 creature vanquished.

Grand Total: 687 creatures vanquished

Notes
Turn   | Place    | Note
-------+----------+-------------------------------------------
     0 | D:1      | MagicSucks the Coglin Berserker began the quest for the
                  | Orb.
     0 | D:1      | Reached XP level 1. HP: 18/18 MP: 1/1
    60 | D:1      | Reached XP level 2. HP: 15/24 MP: 2/2
   260 | D:1      | Found Ruts's Assorted Antiques.
   500 | D:1      | Reached ** piety under Trog
   501 | D:1      | Reached XP level 3. HP: 26/29 MP: 3/3
   845 | D:2      | Found a faded altar of an unknown god.
  1036 | D:2      | Noticed Jessica
  1046 | D:2      | Killed Jessica
  1047 | D:2      | Reached XP level 4. HP: 36/37 MP: 4/4
  1239 | D:3      | Found a snail-covered altar of Cheibriados.
  1302 | D:3      | Noticed Grinder
  1308 | D:3      | Killed Grinder
  1309 | D:3      | Reached skill level 4 in Axes
  1309 | D:3      | Reached XP level 5. HP: 43/43 MP: 5/5
  1309 | D:3      | Reached XP level 6. HP: 49/49 MP: 6/6
  1327 | D:3      | Found a broken altar of Ashenzari.
  1572 | D:3      | Found a hazy altar of Hepliaklqana.
  1579 | D:3      | Found an ornate altar of the Wu Jian Council.
  1586 | D:3      | Noticed a spectral centipede
  1586 | D:3      | Noticed a spectral black mamba
  1586 | D:3      | Noticed a spectral cane toad
  1641 | D:3      | Found a sacrificial altar of Ru.
  1853 | D:3      | Noticed Terence
  1861 | D:3      | Killed Terence
  1981 | D:3      | Noticed Ijyb
  1989 | D:3      | Killed Ijyb
  2143 | D:4      | Reached skill level 5 in Fighting
  2229 | D:4      | Found a bloodstained altar of Trog.
  2234 | D:4      | Reached XP level 7. HP: 56/56 MP: 7/7
  2267 | D:4      | Reached skill level 5 in Axes
  2385 | D:4      | Found a shadowy altar of Dithmenos.
  3258 | D:2      | Reached *** piety under Trog
  3447 | D:5      | Entered Level 5 of the Dungeon
  3919 | D:5      | Found a staircase to the Ecumenical Temple.
  3932 | D:5      | Noticed Prince Ribbit
  3972 | D:5      | Killed Prince Ribbit
  3973 | D:5      | Reached XP level 8. HP: 64/64 MP: 8/8
  4072 | D:5      | Reached skill level 5 in Armour
  4216 | D:5      | Reached skill level 6 in Axes
  4350 | D:5      | Found a shimmering blue altar of Sif Muna.
  4382 | D:5      | Noticed Eustachio
  4444 | D:5      | Killed Eustachio
  5643 | D:6      | Reached skill level 7 in Axes
  5778 | D:7      | Reached XP level 9. HP: 47/72 MP: 9/9
  6136 | D:7      | Reached **** piety under Trog
  6228 | D:7      | Found an ancient bone altar of Kikubaaqudgha.
  6355 | D:7      | Noticed a troll
  6363 | D:7      | Killed a troll
  6637 | D:1      | Bought a bloodstained broad axe for 297 gold pieces
  6637 | D:1      | Identified the +9 broad axe of Fedhas's Condemnation {holy,
                  | ^Fragile rPois rF+ Will+} (You bought it in a shop on level
                  | 1 of the Dungeon)
  6879 | D:8      | Noticed Maggie
  6880 | D:8      | Noticed an orange demon
  6922 | D:8      | Killed an orange demon
  6923 | D:8      | Reached skill level 8 in Axes
  6927 | D:8      | Killed Maggie
  6991 | D:8      | Reached XP level 10. HP: 82/82 MP: 10/10
  6992 | D:8      | Reached skill level 9 in Axes
  7340 | D:8      | Noticed an elephant
  7344 | D:8      | Noticed Amaemon
  7350 | D:8      | Killed an elephant
  7441 | D:8      | Killed Amaemon
  7442 | D:8      | Reached skill level 10 in Axes
  7468 | D:8      | Noticed an elephant
  7479 | D:8      | Killed an elephant
  7564 | D:8      | Noticed an elephant
  7570 | D:8      | Killed an elephant
  7646 | D:8      | Found a glowing silver altar of Zin.
  7657 | D:8      | Noticed an elephant
  7664 | D:8      | Killed an elephant
  7736 | D:8      | Reached XP level 11. HP: 82/87 MP: 11/11
  7765 | D:8      | Noticed Psyche
  7769 | D:8      | Reached skill level 11 in Axes
  7774 | D:8      | Killed Psyche
  7896 | D:8      | Found a basalt altar of Yredelemnul.
  8623 | D:9      | Reached ***** piety under Trog
  8898 | D:9      | Reached skill level 10 in Fighting
  8934 | D:9      | Found a staircase to the Lair.
  9137 | D:10     | Entered Level 10 of the Dungeon
  9141 | D:10     | Found a glowing golden altar of the Shining One.
  9239 | D:10     | Noticed Nergalle
  9293 | D:10     | Killed Nergalle
  9294 | D:10     | Reached skill level 12 in Axes
  9534 | D:10     | Received a gift from Trog
  9739 | D:10     | Found Nitwi's Antique Armour Shop.
  9769 | D:10     | Found a radiant altar of Vehumet.
 10472 | D:10     | Found a hide-covered altar of Uskayaw.
 10835 | D:11     | Noticed a centaur warrior
 10841 | D:11     | Killed a centaur warrior
 11045 | D:11     | Noticed a boulder beetle
 11055 | D:11     | Killed a boulder beetle
 11274 | D:11     | Noticed Snorg
 11283 | D:11     | Killed Snorg
 11284 | D:11     | Reached XP level 12. HP: 99/99 MP: 12/12
 11366 | D:11     | Found a staircase to the Orcish Mines.
 11462 | D:11     | Found a glowing silver altar of Zin.
 11561 | D:12     | Reached skill level 13 in Axes
 11823 | D:12     | Noticed a two-headed ogre
 11838 | D:12     | Killed a two-headed ogre
 12139 | Lair:1   | Entered Level 1 of the Lair of Beasts
 12161 | Lair:1   | HP: 7/150 [komodo dragon (16)]
 12598 | Lair:1   | Reached skill level 10 in Armour
 12888 | Lair:2   | Found a staircase to the Swamp.
 12888 | Lair:2   | Noticed an eleionoma
 12890 | Lair:2   | Noticed a skyshark
 12900 | Lair:2   | Killed an eleionoma
 12904 | Lair:2   | Killed a skyshark
 13079 | Lair:2   | Found a shimmering altar of Xom.
 13112 | Lair:2   | Noticed a boulder beetle
 13116 | Lair:2   | Identified a scroll of acquirement
 13116 | Lair:2   | Acquired a +0 heavy broad axe
 13118 | Lair:2   | Noticed Shym's ghost (journeyman OnAl)
 13146 | Lair:2   | Reached skill level 14 in Axes
 13266 | Lair:2   | Killed a boulder beetle
 13548 | Lair:2   | Found a transporter.
 13548 | Lair:2   | Found a transporter.
 13774 | Lair:2   | Reached XP level 13. HP: 107/107 MP: 13/13
 14445 | Lair:2   | Reached skill level 15 in Axes
 14954 | Lair:3   | Found a hole to the Spider Nest.
 15628 | Lair:3   | You fall into a shaft and drop 2 floors!
 15628 | Lair:5   | Entered Level 5 of the Lair of Beasts
 16328 | Lair:4   | Reached skill level 16 in Axes
 16523 | Lair:4   | Reached XP level 14. HP: 73/116 MP: 14/14
 17126 | Lair:4   | Identified the scarf of Veteczie {shadows, rF+ rCorr}
 18419 | Lair:5   | Received a gift from Trog
 18609 | Lair:5   | Reached skill level 17 in Axes
 18959 | Lair:5   | Found the crystal ball of Wucad Mu {*channel}
 19251 | Lair:5   | Identified the +2 trident of Sulphur {speed, Str+2}
 19438 | Lair:5   | Found a viscous altar of Jiyva.
 19441 | Lair:5   | Found a staircase to the Slime Pits.
 20472 | Lair:5   | Reached XP level 15. HP: 114/125 MP: 15/15
 20472 | Lair:5   | Acquired an experimental assembler {rPois rCorr Slay+3 Clar
                  | RMsl}
 21325 | D:13     | Reached skill level 18 in Axes
 21750 | D:13     | Found a gate to the Vaults.
 22282 | D:14     | Identified the +2 leather armour of Immorality {rF++ Str+5
                  | Dex-3}
 22367 | D:14     | Found an opulent altar of Gozag.
 23195 | D:14     | Reached skill level 5 in Dodging
 23679 | D:15     | Entered Level 15 of the Dungeon
 24013 | D:15     | Reached skill level 15 in Fighting
 24034 | D:15     | Reached XP level 16. HP: 75/136 MP: 16/16
 24709 | D:15     | Received a gift from Trog
 25215 | D:15     | Found a staircase to the Depths.
 25574 | Lair:2   | Killed Shym's ghost
 25784 | Lair:2   | Identified the +0 plate armour "Duragaz" {Stlth+}
 25915 | Orc:1    | Entered Level 1 of the Orcish Mines
 25960 | Orc:1    | Reached skill level 1 in Evocations
 26166 | Orc:2    | Entered Level 2 of the Orcish Mines
 26166 | Orc:2    | Found a staircase to the Elven Halls.
 27075 | Orc:2    | Found Jytoc's Book Shop.
 27093 | Orc:2    | Found Edwub's Distillery.
 27093 | Orc:2    | Found Wethooz's Distillery.
 27124 | Orc:2    | Found Nomebri's Antique Armour Shoppe.
 27161 | Orc:2    | Bought a pair of bloodstained gloves for 237 gold pieces
 27161 | Orc:2    | Identified the +0 pair of gloves of the Black Moon {-Cast
                  | Will+ Stlth+} (You bought it in a shop on level 2 of the
                  | Orcish Mines)
 27207 | Orc:2    | Bought a potion of haste for 110 gold pieces
 27207 | Orc:2    | Bought a potion of curing for 33 gold pieces
 27207 | Orc:2    | Bought a potion of heal wounds for 55 gold pieces
 27287 | Orc:1    | Received a gift from Trog
 27547 | Elf:1    | Entered Level 1 of the Elven Halls
 27739 | Elf:1    | Reached skill level 5 in Evocations
 27757 | Elf:1    | Found a radiant altar of Vehumet.
 27770 | Elf:1    | Reached skill level 10 in Dodging
 27774 | Elf:1    | Paralysed by an air elemental for 1 turns
 27791 | Elf:1    | HP: 3/138 [+5 antimagic trident (19)]
 27795 | Elf:1    | Mangled by a +5 antimagic trident

Illustrated notes

Levels and vault maps discovered:
D:1:      minmay_arrival_solitary_statue, layout_basic, serial_shops,
          nicolae_shop_tiny_real_fake_doors
D:2:      layout_loops_cross, nicolae_ecumenical_oubliette,
          minmay_misc_feat_hallway, minmay_hexomino_r4, uniq_jessica
D:3:      layout_loops_ring, mainiacjoe_overflow_chevrons,
          overflow_temple_1_default, nicolae_ashenzari_panopticon,
          pdpol_wu_jian_five_deadly_venoms, mainiacjoe_overflow_alcove_2,
          uniq_grinder, uniq_ijyb, uniq_terence
D:4:      layout_loops_ring, mainiacjoe_overflow_surrounded_room,
          mainiacjoe_overflow_24_doors
D:5:      layout_gridville, kennysheep_little_box, minmay_temple_entry_glass,
          uniq_prince_ribbit1, uniq_eustachio
D:6:      layout_loops_ring, hex_medium, corexii_checkpoint, minmay_liquid_box,
          minivault_22
D:7:      layout_rooms, tgw_kikubaaqudgha, nicolae_the_louvre
D:8:      wad_woods_stonehenge, layout_basic, yredelemnul_altar_generic,
          minmay_manual_moon, uniq_maggie, uniq_psyche, uniq_amaemon
D:9:      layout_basic, david_lair_shrubbed
D:10:     layout_stronghold, nicolae_uskayaw_dance_studio,
          nicolae_overflow_crystal_walls, tso_metal_star, serial_shops,
          nicolae_shop_tiny_glass, minivault_23, uniq_nergalle
D:11:     layout_loops_ring, orc_0_dummy, zin_treasury, uniq_snorg
D:12:     layout_stronghold, serial_glass, glass_columns_a, glass_columns_a,
          glass_columns_a, glass_columns_b, glass_columns_b, glass_columns_b,
          glass_columns_a, glass_columns_c, glass_columns_b, glass_columns_c
D:13:     layout_basic, erik_vaults_1
D:14:     layout_loops_cross, nicolae_gozag_cash_rules_everything_around_me
D:15:     hangedman_depths_entry_try_elsewhere_first, layout_gridville,
          corexii_corridor_pit, minmay_pinched_square
Lair:1:   layout_cave_shapes, dpeg_stationary_puzzle
Lair:2:   layout_chaotic_city, alex1729_swamp_entry_worm_eleionoma, basic_altar,
          gammafunk_ghost_hive, beast_lair_carwin_11, infiniplex_staircase_pool,
          grunt_megastairs_1
Lair:3:   layout_small_grid, spider_nest_entry_rubble,
          chequers_serial_rivers_micro_b, grunt_megastairs_5
Lair:4:   nzn_winding_woodlands_medium [nzn_winding_woodlands_5x5_three,
          nzn_winding_woodlands_5x15_cabin, nzn_winding_woodlands_5x5_open_star,
          nzn_winding_woodlands_5x5_checkerboard,
          nzn_winding_woodlands_center_garden, nzn_winding_woodlands_5x5_cross,
          nzn_winding_woodlands_5x5_closed_star,
          nzn_winding_woodlands_5x15_pockets,
          nzn_winding_woodlands_5x5_perimeter], layout_cave_pods,
          infiniplex_staircase_pool_2
Lair:5:   gammafunk_lair_ancient_temple, layout_cave_pods,
          minmay_slime_entry_pillars
Orc:1:    layout_caves
Orc:2:    st_orc_elflike, layout_caves
Elf:1:    eino_elf_arrival_altar, layout_geoelf_grid, kilobyte_rumbling_trees,
          ebering_dispersal_statue_hall

Skill      XL: |  1  2  3  4  5  6  7  8  9 10 11 12 13 14 15 16 |
---------------+-------------------------------------------------+-----
Armour         | 2 3 4 6 7 8 9 10 11 12 13 14 | 14.1
Fighting       | 4 5 7 8 9 10 11 12 13 15 16 | 16.2
Axes           | 4 5 7 8 10 12 14 16 17 18 | 18.4
Dodging        | 6 10 | 10.3
Evocations     | 5 |  5.8

Action                     |  1- 3 |  4- 6 |  7- 9 | 10-12 | 13-15 | 16-18 || total
---------------------------+-------+-------+-------+-------+-------+-------++-------
  Melee: Dagger            |    62 |    51 |   190 |       |       |       ||   303
         Hand axe          |    64 |    42 |   134 |       |       |       ||   240
         War axe           |       |       |    75 |       |       |       ||    75
         Short sword       |       |       |    52 |   300 |       |       ||   352
         Broad axe         |       |       |    24 |   389 |   854 |   298 ||  1565
 Invoke: Berserk           |     2 |     4 |     7 |     6 |    12 |     5 ||    36
         Trog's Hand       |       |     2 |     1 |     3 |     3 |     2 ||    11
         Brothers in Arms  |       |       |       |       |     2 |     1 ||     3
Ability: Invent Gizmo      |       |       |       |       |     1 |       ||     1
  Evoke: Wand              |       |       |     7 |     2 |       |     1 ||    10
    Use: Scroll            |       |     1 |     7 |     8 |     6 |     6 ||    28
         Potion            |       |       |       |     3 |     5 |     2 ||    10
   Stab: Sleeping          |     1 |       |       |       |       |       ||     1
 Armour: Animal skin       |    23 |       |       |       |       |       ||    23
         Chain mail        |    11 |    64 |   298 |   326 |       |       ||   699
         Skin              |       |       |       |     7 |       |       ||     7
         Scale mail        |       |       |       |   125 |   584 |   194 ||   903
  Dodge: Dodged            |    38 |    25 |   134 |   178 |   292 |   151 ||   818
         Repelled          |       |       |       |       |    12 |    43 ||    55

Table legend: (Time is in decaauts)
 A = Elapsed time spent in this place.
 B = Non-inter-level travel time spent in this place.
 C = Inter-level travel time spent in this place.
 D = Time resting spent in this place.
 E = Time spent auto-exploring this place.
 F = Levels seen in this place.
 G = Mean time per level.
                   A        B        C        D        E       F      G
               +--------+--------+--------+--------+--------+-----+--------+
         Total |  28181 |  26405 |   1776 |   4330 |  18428 |  23 | 1225.3 |
       Dungeon |  17606 |  16228 |   1378 |   2428 |  11604 |  15 | 1173.7 |
          Lair |   8692 |   8391 |    301 |   1362 |   5913 |   5 | 1738.4 |
  Orcish Mines |   1792 |   1697 |     95 |    535 |    887 |   2 |  896.0 |
   Elven Halls |     89 |     89 |      0 |      4 |     24 |   1 |   89.0 |
               +--------+--------+--------+--------+--------+-----+--------+

Top non-repeatable levels by time:
  Lair:5: 2365 daAuts
  Lair:2: 2296 daAuts
  Lair:4: 2216 daAuts
    D:14: 1889 daAuts
     D:8: 1601 daAuts
    D:10: 1504 daAuts
     D:5: 1434 daAuts
    D:15: 1338 daAuts
  Lair:3: 1308 daAuts
    D:13: 1182 daAuts
    D:11: 1080 daAuts
     D:9: 1050 daAuts
     D:3: 1038 daAuts
     D:1: 1033 daAuts
     D:6: 965 daAuts
